 Dungeon Crawl Stone Soup version 0.20.1-1-g8b1a95d66d (webtiles) character file.

79 NixNut the Slasher (level 4, -2/34 HPs)
             Began as a Human Gladiator on Dec 30, 2017.
             Slain by qepasa's ghost (5 damage)
             ... on level 4 of the Dungeon.
             The game lasted 00:05:48 (1409 turns).

NixNut the Slasher (Human Gladiator)                Turns: 1409, Time: 00:05:49

Health: -2/34      AC:  9    Str: 16    XL:     4   Next: 62%
Magic:  4/4        EV:  5    Int:  8    God:
Gold:   108        SH:  8    Dex: 14    Spells: 3/3 levels left

rFire    . . .     SeeInvis .   a - +0 long sword
rCold    . . .     Gourm    .   e - +0 shield
rNeg     . . .     Faith    .   m - +0 chain mail (curse)
rPois    .         Spirit   .   c - +0 helmet
rElec    .         Reflect  .   (no cloak)
rCorr    .         Harm     .   (no gloves)
MR       .....                  (no boots)
Stlth    ..........             (no amulet)
Regen    0.2/turn               l - ring of wizardry
MPRegen  0.1/turn               (no ring)

@: no status effects
A: no striking features
a: no special abilities


You were on level 4 of the Dungeon.
You were not hungry.

You visited 1 branch of the dungeon, and saw 3 of its levels.

You collected 108 gold pieces.

Inventory:

Hand Weapons
 a - a +0 long sword (weapon)
Missiles
 b - 8 needles of sleeping
 d - 3 throwing nets (quivered)
Armour
 c - a +0 helmet (worn)
 e - a +0 shield (worn)
 m - a cursed +0 chain mail (worn)
Jewellery
 l - a ring of wizardry (left hand)
Scrolls
 h - a scroll of fog {unknown}
 k - a scroll of blinking {unknown}
 n - a scroll of remove curse {unknown}
Potions
 i - 2 potions of curing {unknown}
 o - a potion of degeneration {unknown}
Comestibles
 f - 2 bread rations
 g - 2 meat rations
 j - a royal jelly
 p - 3 fruits


   Skills:
 + Level 2.5 Fighting
 * Level 4.2 Long Blades
 - Level 2.0 Throwing
 - Level 3.0 Dodging
 + Level 1.8 Shields


You had 3 spell levels left.
You didn't know any spells.

Dungeon Overview and Level Annotations

Branches:
Dungeon (2/15)

Altars:

Annotations:
D:4 Blork the orc; qepasa's ghost, amateur FoEn


Message History

You block qepasa's ghost's attack. Something hits you.
You closely miss qepasa's ghost. Qepasa's ghost hits you.
Something hits you but does no damage.
You hit qepasa's ghost but do no damage.
Qepasa's ghost hits you but does no damage.
Something hits you but does no damage. Qepasa's ghost hits you.
You hit qepasa's ghost.
Qepasa's ghost is lightly damaged.
Something hits you but does no damage. Qepasa's ghost hits you.
* * * LOW HITPOINT WARNING * * *
You completely miss qepasa's ghost.
Qepasa's ghost is lightly damaged.
Qepasa's ghost barely misses you. Something hits you.
* * * LOW HITPOINT WARNING * * *
You hit qepasa's ghost.
Qepasa's ghost is lightly damaged.
Qepasa's ghost hits you but does no damage.
Something hits you but does no damage.
You closely miss something. Qepasa's ghost hits you.
You die...

..###
Z.....########
#...W@{..########
#
########...).o..#
..
########.###...
#....... ####....
.... ..o. ....
#...


You could see qepasa's ghost.

Vanquished Creatures
  3 adders
  3 dart slugs
  A leopard gecko (D:1)
  An orc (D:4)
  6 bats
  A giant cockroach (D:1)
  3 goblins
  4 hobgoblins
  7 jackals (D:2)
  4 kobolds
  A quokka (D:2)
  2 frilled lizards
  A leopard gecko skeleton (D:4)
  4 rats
  A plant (D:2)
42 creatures vanquished.

Notes
Turn   | Place    | Note
-------+----------+-------------------------------------------
     0 | D:1      | NixNut the Human Gladiator began the quest for the Orb.
     0 | D:1      | Reached XP level 1. HP: 16/16 MP: 1/1
   374 | D:1      | Reached XP level 2. HP: 22/22 MP: 2/2
   634 | D:1      | Reached skill level 1 in Shields
   762 | D:2      | Reached XP level 3. HP: 24/27 MP: 3/3
  1026 | D:2      | Reached skill level 4 in Long Blades
  1026 | D:2      | Reached XP level 4. HP: 34/34 MP: 4/4
  1278 | D:2      | You fall through a shaft for 2 floors!
  1376 | D:4      | Noticed Blork the orc
  1390 | D:4      | Noticed qepasa's ghost (amateur FoEn)
  1409 | D:4      | Slain by qepasa's ghost

Skill      XL: |  1  2  3 |
---------------+----------+-----
Shields        | 1 |  1.8
Long Blades    | 4 |  4.2
Fighting       | |  2.5
Throwing       | |  2.0
Dodging        | |  3.0

Action                   |  1- 3 |  4- 6 || total
-------------------------+-------+-------++-------
Melee: Long sword        |   120 |    72 ||   192
 Stab: Sleeping          |     1 |       ||     1
  Eat: Chunk             |     1 |     1 ||     2
Armor: Leather armour    |    24 |       ||    24
       Chain mail        |    21 |    56 ||    77
Dodge: Dodged            |    40 |    24 ||    64
Block: Shield            |    26 |    38 ||    64
       Rpst.: Long sword |    10 |     9 ||    19
